 Dungeon Crawl Stone Soup version 0.21-a0-42-gb537e02 (webtiles) character file.

266 blackwizard the Shield-Bearer (level 6, -2/61 HPs)
             Began as a Troll Fighter on June 5, 2017.
             Slain by Edmund
             ... wielding a +1 flail of protection
              (11 damage)
             ... on level 5 of the Dungeon.
             The game lasted 00:12:56 (2730 turns).

blackwizard the Shield-Bearer (Troll Fighter)       Turns: 2730, Time: 00:12:56

Health: -2/61      AC:  6    Str: 27    XL:     6   Next: 0%
Magic:  5/5        EV:  9    Int:  4    God:
Gold:   194        SH:  9    Dex:  9    Spells: 5/5 levels left

rFire    . . .     SeeInvis .   z - -1 trident (curse)
rCold    . . .     Gourm    +   c - +0 shield
rNeg     . . .     Faith    .   b - +0 robe
rPois    +         Spirit   .   (helmet restricted)
rElec    .         Reflect  .   D - +0 cloak
rCorr    .         Harm     .   (gloves unavailable)
MR       .....                  (boots unavailable)
Stlth    +.........             (no amulet)
Regen    0.6/turn               k - ring of poison resistance
MPRegen  0.1/turn               (no ring)

@: starving
A: unfitting armour, claws 3, fast metabolism 3, gourmand, regeneration 1,
shaggy fur 1, tough skin 2
a: no special abilities


You were on level 5 of the Dungeon.
You were starving.

You visited 1 branch of the dungeon, and saw 5 of its levels.

You collected 194 gold pieces.

Inventory:

Hand Weapons
 a - a +0 flail
 e - a +0 mace
 v - a +0 spear
 z - a cursed -1 trident (weapon)
 F - a +1 hand axe of chopping
 H - a +1 falchion of holy wrath
Missiles
 g - 147 stones (quivered)
 h - 18 sling bullets
 i - 50 arrows
 m - 2 large rocks
 r - 26 poisoned needles
 B - 50 bolts
Armour
 b - a +0 robe (worn)
 c - a +0 shield (worn)
 A - a +0 helmet
 D - a +0 cloak (worn)
Jewellery
 k - a ring of poison resistance (left claw)
Wands
 E - a wand of enslavement (9/24)
Scrolls
 j - a scroll of magic mapping {unknown}
 o - 2 scrolls of teleportation {unknown}
 q - a scroll of enchant armour {unknown}
 s - 6 scrolls of identify {unknown}
 y - a scroll of remove curse {unknown}
Potions
 d - a potion of might
 l - a potion of mutation {unknown}
 n - 2 potions of curing {unknown}
 t - a potion of lignification {unknown}
 w - a potion of cancellation {unknown}
 x - a potion of invisibility {unknown}
 C - a potion of heal wounds {unknown}
 G - a potion of berserk rage {unknown}
 J - a potion of magic {unknown}
Comestibles
 f - 3 bread rations
 p - 2 royal jellies
 u - 4 fruits
 I - a meat ration
 K - 6 chunks of flesh


   Skills:
 + Level 3.3 Fighting
 + Level 2.6 Maces & Flails
 + Level 1.4 Polearms
 + Level 3.2 Dodging
 + Level 3.6 Shields


You had 5 spell levels left.
You didn't know any spells.

Dungeon Overview and Level Annotations

Branches:
Dungeon (5/15)
 Temple: D:4-7

Altars:
Ru

Annotations:
D:5 Edmund


Innate Abilities, Weirdness & Mutations

You are too large for most types of armour.
You have claws for hands.
Your metabolism is lightning-fast.
You like to eat raw meat.
Your natural rate of healing is unusually fast.
You are covered in fur. (AC +1)
You have very tough skin. (AC +2)


Message History

Edmund hits you with a flail of protection.
You puncture Edmund!
Edmund is severely wounded.
The crimson imp completely misses you.
Edmund hits you with a flail of protection.
* * * LOW HITPOINT WARNING * * *
You hit Edmund.
Edmund is severely wounded.
The crimson imp barely misses you.
Edmund hits you with a flail of protection.
* * * LOW HITPOINT WARNING * * *
You block the crimson imp's attack.
You hit Edmund but do no damage.
Edmund is severely wounded.
You block Edmund's attack. The crimson imp hits you.
* * * LOW HITPOINT WARNING * * *
You closely miss Edmund.
Edmund is severely wounded.
Edmund hits you with a flail of protection!
You die...

#§§..§...........#...##..##
#..≈§§§....≈≈≈≈..#...#..##
#.§≈≈§§§..§≈§≈≈..#.....##
#..≈§§§§..§§§≈≈..#..>.##
#..≈≈≈§....§≈≈≈..#...##
#..........§.....#...#
#................#...#
############### #...#
.###..@....###...##
.......@5.....#....##
#...................#
##..................#
####.<.............#
####......?....##
##..........# #....########
.....###


You could see Edmund and a crimson imp.

Vanquished Creatures
  A scorpion (D:5)
  A howler monkey (D:4)
  A hound (D:4)
  A worker ant (D:5)
  A hound zombie (D:5)
  3 gnolls (D:2)
  2 adders (D:2)
  An ooze (D:3)
  A dart slug (D:1)
  4 leopard geckos (D:3)
  5 orcs (D:3)
  A giant cockroach (D:3)
  4 goblins
  3 hobgoblins
  3 jackals (D:1)
  A ball python (D:5)
  8 bats
  3 frilled lizards
  4 kobolds
  4 rats
  A fungus (D:2)
  2 plants (D:2)
55 creatures vanquished.

Notes
Turn   | Place    | Note
-------+----------+-------------------------------------------
     0 | D:1      | blackwizard the Troll Fighter began the quest for the Orb.
     0 | D:1      | Reached XP level 1. HP: 22/22 MP: 0/0
   246 | D:1      | Reached XP level 2. HP: 29/29 MP: 1/1
   696 | D:2      | Reached XP level 3. HP: 23/36 MP: 2/2
   961 | D:2      | Reached XP level 4. HP: 21/45 MP: 3/3
  1229 | D:2      | Found a sacrificial altar of Ru.
  2066 | D:4      | Reached XP level 5. HP: 52/53 MP: 4/4
  2151 | D:4      | Paralysed by fainting for 9 turns
  2171 | D:5      | Entered Level 5 of the Dungeon
  2544 | D:5      | Reached skill level 1 in Polearms
  2585 | D:5      | Reached XP level 6. HP: 46/61 MP: 5/5
  2708 | D:5      | Noticed Edmund
  2730 | D:5      | Slain by Edmund

Vault maps used:
D:1:      dpeg_arrival_morbid_curiosity
D:2:      nicolae_ru_the_path_less_chosen, minmay_misc_feat_ornament
D:4:      temple_fountains, first_bread
D:5:      kennysheep_dice, uniq_edmund

Skill      XL: |  1  2  3  4  5 |
---------------+----------------+-----
Maces & Flails | 2 |  2.6
Shields        | 3 |  3.6
Fighting       | 3 |  3.3
Dodging        | 3 |  3.2
Polearms       | 1 |  1.4

Action                   |  1- 3 |  4- 6 || total
-------------------------+-------+-------++-------
Melee: Flail             |   109 |   138 ||   247
       Trident           |       |    96 ||    96
  Eat: Chunk             |     6 |     6 ||    12
       Bread ration      |       |     1 ||     1
       Meat ration       |       |     1 ||     1
Armor: Robe              |    95 |   117 ||   212
Dodge: Dodged            |    79 |   118 ||   197
Block: Shield            |   116 |   195 ||   311
